[Event "17th Memorial Lezcano Montalvo 2025"]
[Site "Gran Canaria"]
[Date "2025.04.18"]
[Round "7.1"]
[White "Kaczur, Florian"]
[Black "Larino Nieto, David"]
[Result "1-0"]
[Annotator "RC"]
[ECO "B00"]
[WhiteElo "2495"]
[BlackElo "2448"]
[PlyCount "54"]
[EventDate "2025.04.13"]
[EventType "swiss"]
[EventCountry "ESP"]
[SourceTitle "playchess.com"]
[Source "ChessBase"]
[SourceQuality "1"]
[TimeControl "5400+30"]

1. e4 b6 2. d4 Bb7 3. Bd3 d6 4. Nc3 e5 5. Nf3 Nd7 6. Bc4 Be7 7. dxe5 dxe5 8. Ng5 Nh6 9. h4 Bb4 10. Bd2 Nc5 11. Qe2 Qe7 12. O-O-O O-O-O 13. Nd5 Bxd2+ 14. Rxd2 Qe8 15. Rhd1 Kb8 16. b4 Ne6 17. Nxe6 Qxe6 18. Nxc7 Rxd2 19. Rxd2 Qe7 20. Na6+ Bxa6 21. Bxa6 Qxb4 22. Rd7 Qa3+ 23. Kd1 Qc3 24. Kc1 Qa3+ 25. Kd1 Qc3 26. Qd3 Qxd3+ 27. cxd3 Ng4 1-0

[Event "17th Memorial Lezcano Montalvo 2025"]
[Site "Gran Canaria"]
[Date "2025.04.18"]
[Round "7.2"]
[White "Pap, Misa"]
[Black "Fiorito, Francisco"]
[Result "1-0"]
[Annotator "RC"]
[ECO "B22"]
[WhiteElo "2444"]
[BlackElo "2431"]
[PlyCount "77"]
[EventDate "2025.04.13"]
[EventType "swiss"]
[EventCountry "ESP"]
[SourceTitle "playchess.com"]
[Source "ChessBase"]
[SourceQuality "1"]
[TimeControl "5400+30"]

1. e4 c5 2. Nf3 Nc6 3. c3 Nf6 4. e5 Nd5 5. Bc4 Nb6 6. Bb3 d5 7. exd6 c4 8. Bc2 Qxd6 9. Na3 Ne5 10. Nxe5 Qxe5+ 11. Qe2 Qxe2+ 12. Kxe2 Bd7 13. b3 Rc8 14. Re1 e6 15. Kf1 Be7 16. Be4 cxb3 17. axb3 Bc6 18. Nc4 Bxe4 19. Rxe4 Nd7 20. Rxa7 Nc5 21. Re1 Nxb3 22. Nb6 Rd8 23. d4 Nxc1 24. Rxc1 Bg5 25. Rb1 O-O 26. Rxb7 Rfe8 27. g3 Re7 28. Rxe7 Bxe7 29. Ke2 f6 30. Rb5 Kf7 31. Kd3 g5 32. c4 f5 33. c5 Bf6 34. Rb4 Ke7 35. Ra4 h5 36. Ra7+ Ke8 37. d5 Be7 38. Kc4 Rb8 39. dxe6 1-0

[Event "17th Memorial Lezcano Montalvo 2025"]
[Site "Gran Canaria"]
[Date "2025.04.18"]
[Round "7.3"]
[White "Fiorito, Joaquin"]
[Black "Martinez Ramirez, Lennis"]
[Result "1-0"]
[Annotator "RC"]
[ECO "C55"]
[WhiteElo "2402"]
[BlackElo "2443"]
[PlyCount "155"]
[EventDate "2025.04.13"]
[EventType "swiss"]
[EventCountry "ESP"]
[SourceTitle "playchess.com"]
[Source "ChessBase"]
[SourceQuality "1"]
[TimeControl "5400+30"]

1. e4 e5 2. Nf3 Nc6 3. Bc4 Nf6 4. d3 Be7 5. O-O O-O 6. a4 d6 7. c3 Bg4 8. h3 Bh5 9. Re1 Kh8 10. Nbd2 d5 11. exd5 Nxd5 12. Nf1 Nb6 13. Bb3 Nd7 14. Ng3 Bg6 15. Bd5 f5 16. b4 Bf6 17. b5 Nc5 18. Ba2 Nxd3 19. bxc6 e4 20. cxb7 Rb8 21. Nd4 Bxd4 22. cxd4 f4 23. Nxe4 Nxe1 24. Nc5 Re8 25. Ne6 Qf6 26. Nxf4 Bc2 27. Qd2 Bf5 28. Bb2 Nc2 29. Rc1 Rxb7 30. Bc3 Qg5 31. h4 Qxh4 32. Rxc2 Bxc2 33. g3 Qg4 34. Qxc2 Rb6 35. Bd5 Reb8 36. Kg2 Rb1 37. Bf3 Qg5 38. d5 Qh6 39. Nh5 Qc1 40. Bxg7+ Kg8 41. Qxc1 Rxc1 42. d6 Kf7 43. dxc7 Re8 44. Bd4 Rxc7 45. Nf4 Rd8 46. Be3 Rcd7 47. Be4 Kf6 48. Ne2 Ke5 49. Bc6 Rf7 50. g4 Rc8 51. f4+ Kd6 52. Bb5 Re7 53. Kf3 Kd5 54. f5 Rc2 55. f6 Rf7 56. g5 h6 57. Be8 Rf8 58. g6 Rc8 59. Nf4+ Kd6 60. f7 Rfxe8 61. fxe8=Q Rxe8 62. Bd4 a6 63. Kg4 Ke7 64. Kh5 Rd8 65. Be5 Rd2 66. Kxh6 Rh2+ 67. Kg5 Ra2 68. Kf5 a5 69. Bc3 Kf8 70. Nd5 Rf2+ 71. Ke6 Re2+ 72. Be5 Rg2 73. g7+ Kg8 74. Ne7+ Kh7 75. g8=Q+ Rxg8 76. Nxg8 Kxg8 77. Ke7 Kh7 78. Bc3 1-0

[Event "17th Memorial Lezcano Montalvo 2025"]
[Site "Gran Canaria"]
[Date "2025.04.18"]
[Round "7.4"]
[White "Akhvlediani, Irakli"]
[Black "Castellanos Gomez, Alejandro"]
[Result "1/2-1/2"]
[Annotator "RC"]
[ECO "A13"]
[WhiteElo "2387"]
[BlackElo "2267"]
[PlyCount "68"]
[EventDate "2025.04.13"]
[EventType "swiss"]
[EventCountry "ESP"]
[SourceTitle "playchess.com"]
[Source "ChessBase"]
[SourceQuality "1"]
[TimeControl "5400+30"]

1. c4 e6 2. g3 d5 3. Bg2 Nf6 4. Nf3 dxc4 5. Qa4+ c6 6. Qxc4 b5 7. Qc2 Bb7 8. a4 Be7 9. Nc3 b4 10. Nd1 O-O 11. Ne3 c5 12. O-O Nc6 13. Nc4 Na5 14. Nxa5 Qxa5 15. d3 Rac8 16. Ne5 Bxg2 17. Kxg2 Qc7 18. Nc4 e5 19. e4 Nd7 20. Ne3 Qc6 21. f3 Rfd8 22. b3 Nf8 23. Nd5 Qe6 24. Be3 Nd7 25. Rac1 f5 26. Qc4 Kh8 27. exf5 Qd6 28. Nxe7 Qxe7 29. Qe6 Qf8 30. Bg5 Nf6 31. Bxf6 gxf6 32. Rfd1 Rd6 33. Qc4 Qd8 34. Qe4 Qd7 1/2-1/2

[Event "17th Memorial Lezcano Montalvo 2025"]
[Site "Gran Canaria"]
[Date "2025.04.18"]
[Round "7.5"]
[White "Alsina Leal, Daniel"]
[Black "Strikovic, Aleksa"]
[Result "1/2-1/2"]
[Annotator "RC"]
[ECO "C41"]
[WhiteElo "2496"]
[BlackElo "2367"]
[PlyCount "104"]
[EventDate "2025.04.13"]
[EventType "swiss"]
[EventCountry "ESP"]
[SourceTitle "playchess.com"]
[Source "ChessBase"]
[SourceQuality "1"]
[TimeControl "5400+30"]

1. e4 d6 2. d4 Nf6 3. Nc3 e5 4. Nf3 Nbd7 5. g4 h6 6. h3 c6 7. a4 exd4 8. Nxd4 d5 9. exd5 Nxd5 10. Nxd5 cxd5 11. Qe2+ Be7 12. Nf5 Nf6 13. Qxe7+ Qxe7+ 14. Nxe7 Kxe7 15. Be3 h5 16. g5 Ne4 17. O-O-O Be6 18. Bg2 Rhc8 19. Rd4 Rc6 20. Rhd1 Rac8 21. c3 Rc4 22. a5 a6 23. Rxd5 Bxd5 24. Rxd5 Ke6 25. Rd3 f5 26. gxf6 gxf6 27. Bd4 f5 28. Bf3 h4 29. Bd1 Nc5 30. Re3+ Kd7 31. Bc2 f4 32. Re1 Rxd4 33. Bf5+ Kd8 34. cxd4 Nd3+ 35. Kd2 Nxe1 36. Bxc8 Nf3+ 37. Ke2 Nxd4+ 38. Kd3 Nb3 39. Bg4 Nxa5 40. Be2 Nb3 41. Ke4 f3 42. Bd1 Nc5+ 43. Kxf3 Ke7 44. Ke3 Kd6 45. f4 a5 46. Be2 Na4 47. b3 Nc5 48. Bc4 b5 49. Bxb5 Nxb3 50. Bc4 a4 51. Bg8 Nc5 52. Ba2 Ke7 1/2-1/2

[Event "17th Memorial Lezcano Montalvo 2025"]
[Site "Gran Canaria"]
[Date "2025.04.18"]
[Round "7.6"]
[White "Korneev, Oleg"]
[Black "Sanz Wawer, Daniel"]
[Result "1-0"]
[Annotator "RC"]
[ECO "C54"]
[WhiteElo "2466"]
[BlackElo "2316"]
[PlyCount "103"]
[EventDate "2025.04.13"]
[EventType "swiss"]
[EventCountry "ESP"]
[SourceTitle "playchess.com"]
[Source "ChessBase"]
[SourceQuality "1"]
[TimeControl "5400+30"]

1. e4 e5 2. Bc4 Nc6 3. Nf3 Bc5 4. O-O Nf6 5. d3 O-O 6. Nbd2 d6 7. c3 a5 8. Bb3 Ba7 9. h3 h6 10. Re1 Ne7 11. Nf1 Ng6 12. Ng3 c6 13. d4 Re8 14. Bc2 Qc7 15. Be3 Be6 16. Qd2 Rad8 17. Nf5 Bxf5 18. exf5 Nf4 19. Bxf4 exf4 20. Qxf4 Rxe1+ 21. Rxe1 Re8 22. Rxe8+ Nxe8 23. g4 Bb8 24. Qe3 Kf8 25. h4 Nf6 26. g5 Nd5 27. gxh6 Nxe3 28. h7 Nxc2 29. h8=Q+ Ke7 30. Qxg7 Qd7 31. Qg5+ Kf8 32. h5 Qe7 33. f6 Qe6 34. h6 Ne1 35. Qg7+ Ke8 36. Ng5 Qd5 37. Qg8+ Kd7 38. Qxf7+ Qxf7 39. Nxf7 Nf3+ 40. Kf1 Nh4 41. h7 Ng6 42. h8=Q Nxh8 43. Nxh8 Ke6 44. f7 Ke7 45. Ke2 d5 46. Kf3 Bd6 47. Kg4 Kf6 48. Kh5 Kg7 49. Ng6 Kxf7 50. Kg5 c5 51. Kf5 cxd4 52. cxd4 1-0

[Event "17th Memorial Lezcano Montalvo 2025"]
[Site "Gran Canaria"]
[Date "2025.04.18"]
[Round "7.7"]
[White "Garcia Padron, Jose"]
[Black "Petriashvili, Nikoloz"]
[Result "0-1"]
[Annotator "RC"]
[ECO "A15"]
[WhiteElo "2355"]
[BlackElo "2459"]
[PlyCount "116"]
[EventDate "2025.04.13"]
[EventType "swiss"]
[EventCountry "ESP"]
[SourceTitle "playchess.com"]
[Source "ChessBase"]
[SourceQuality "1"]
[TimeControl "5400+30"]

1. Nf3 Nf6 2. c4 g6 3. b4 Bg7 4. Bb2 O-O 5. e3 b6 6. Be2 c5 7. a3 Bb7 8. d3 d6 9. Nbd2 Nbd7 10. O-O e6 11. Rb1 Qe7 12. Ba1 Bc6 13. Qc2 Rfc8 14. Bc3 a6 15. Qb2 e5 16. Rfe1 Nh5 17. Nf1 f5 18. N3d2 Nhf6 19. d4 cxd4 20. exd4 e4 21. d5 Bb7 22. Bd4 Re8 23. f4 h5 24. Ne3 Rab8 25. Rbc1 h4 26. Rf1 Ba8 27. Nb3 a5 28. Bc3 axb4 29. axb4 b5 30. Nd4 Nb6 31. Nxb5 Na4 32. Qd2 Nxc3 33. Rxc3 Kh8 34. Ra3 Qd8 35. Ra6 Rb6 36. Ra5 Rb8 37. Rc1 Bb7 38. Nd4 Qb6 39. c5 dxc5 40. bxc5 Qc7 41. d6 Qd8 42. Ra7 Nd7 43. Nb5 Bc6 44. Nc7 Rb2 45. Qd1 Qf6 46. Nxe8 Qd4 47. Qxd4 Bxd4 48. Kf1 Bxe3 49. Rca1 h3 50. gxh3 g5 51. Rc7 gxf4 52. Rxc6 f3 53. Re1 Ne5 54. Rc7 Nc4 55. Bxc4 Rf2+ 56. Kg1 Rg2+ 57. Kh1 f2 58. Kxg2 fxe1=Q 0-1

[Event "17th Memorial Lezcano Montalvo 2025"]
[Site "Gran Canaria"]
[Date "2025.04.18"]
[Round "7.8"]
[White "Maerevoet, Sim"]
[Black "Fiorito, Fabian"]
[Result "1-0"]
[Annotator "RC"]
[ECO "D05"]
[WhiteElo "2451"]
[BlackElo "2268"]
[PlyCount "75"]
[EventDate "2025.04.13"]
[EventType "swiss"]
[EventCountry "ESP"]
[SourceTitle "playchess.com"]
[Source "ChessBase"]
[SourceQuality "1"]
[TimeControl "5400+30"]

1. d4 d5 2. Nf3 Nf6 3. e3 e6 4. Bd3 c5 5. b3 Be7 6. O-O O-O 7. Bb2 b6 8. Qe2 Nbd7 9. a4 a6 10. Nbd2 Bb7 11. Ne5 Re8 12. f4 Ne4 13. Nxe4 dxe4 14. Bc4 cxd4 15. Nxd7 Qxd7 16. Bxd4 Bc5 17. Bxc5 bxc5 18. Rad1 Qc8 19. Qh5 g6 20. Qe5 a5 21. Rd6 Ba6 22. Qxe4 Bxc4 23. Qxc4 Rd8 24. Rfd1 Rxd6 25. Rxd6 Qc7 26. Qd3 Rc8 27. Rd7 Qb8 28. h3 Qb4 29. Rxf7 Kxf7 30. Qd7+ Kf6 31. Qxc8 Kf5 32. Kh2 Qc3 33. g4+ Ke4 34. Qxe6+ Kf3 35. Qd5+ Kf2 36. Qg2+ Ke1 37. e4 Kd1 38. Qf1+ 1-0

[Event "17th Memorial Lezcano Montalvo 2025"]
[Site "Gran Canaria"]
[Date "2025.04.18"]
[Round "7.9"]
[White "Narciso Dublan, Marc"]
[Black "Ambartsumova, Karina"]
[Result "1-0"]
[Annotator "RC"]
[ECO "D02"]
[WhiteElo "2376"]
[BlackElo "2405"]
[PlyCount "81"]
[EventDate "2025.04.13"]
[EventType "swiss"]
[EventCountry "ESP"]
[SourceTitle "playchess.com"]
[Source "ChessBase"]
[SourceQuality "1"]
[TimeControl "5400+30"]

1. d4 d5 2. Nf3 Nf6 3. Bf4 c5 4. e3 Nc6 5. Nbd2 Bg4 6. c3 e6 7. Qa4 Nd7 8. Bb5 Qc8 9. h3 Bh5 10. O-O a6 11. Bd3 Be7 12. e4 dxe4 13. Bxe4 O-O 14. Ne5 Ndxe5 15. dxe5 Rd8 16. Qc2 Bg6 17. Bxg6 hxg6 18. Nf3 Qd7 19. Rfd1 Qc7 20. Re1 Rd5 21. h4 Rad8 22. g3 c4 23. Qe4 b5 24. Kg2 Rd3 25. Rh1 Qd7 26. a4 b4 27. cxb4 Nxb4 28. Rac1 Rb3 29. Rxc4 Qd5 30. Qxd5 Nxd5 31. Bc1 Rb7 32. a5 Rc7 33. Rxc7 Nxc7 34. Bd2 Rb8 35. Rc1 Bd8 36. Bg5 f6 37. exf6 gxf6 38. Bxf6 Bxf6 39. Rxc7 Rb5 40. b4 Rxb4 41. Rc6 1-0

[Event "17th Memorial Lezcano Montalvo 2025"]
[Site "Gran Canaria"]
[Date "2025.04.18"]
[Round "7.10"]
[White "Calzetta Ruiz, Monica"]
[Black "Gomez Ledo, Roberto Carlos"]
[Result "0-1"]
[Annotator "RC"]
[ECO "C42"]
[WhiteElo "2224"]
[BlackElo "2396"]
[PlyCount "98"]
[EventDate "2025.04.13"]
[EventType "swiss"]
[EventCountry "ESP"]
[SourceTitle "playchess.com"]
[Source "ChessBase"]
[SourceQuality "1"]
[TimeControl "5400+30"]

1. e4 e5 2. Nf3 Nf6 3. Nxe5 d6 4. Nf3 Nxe4 5. d4 d5 6. Bd3 Bf5 7. O-O Be7 8. Re1 O-O 9. Nbd2 Nd6 10. Bxf5 Nxf5 11. Nf1 c6 12. Qd3 Nd6 13. Bf4 Na6 14. Ng3 Nc7 15. Bxd6 Bxd6 16. Nf5 f6 17. Re2 Qd7 18. Rae1 Rfe8 19. Nxd6 Qxd6 20. g3 Rxe2 21. Rxe2 Re8 22. Nh4 Rxe2 23. Qxe2 Qd7 24. c3 Nb5 25. Ng2 Nd6 26. Nf4 Nc4 27. b3 Nd6 28. a4 g6 29. Kg2 Kf7 30. h4 Qf5 31. f3 Qd7 32. g4 Nc8 33. Qe3 Nd6 34. Qe2 Ne8 35. Kf2 Qd6 36. Qe3 Ng7 37. b4 h5 38. Kg2 hxg4 39. fxg4 Qd7 40. Kf3 Qe8 41. Qd3 f5 42. gxf5 gxf5 43. h5 Kf6 44. h6 Nh5 45. h7 Nxf4 46. Kxf4 Qb8+ 47. Kf3 Qh2 48. Qe3 Qh3+ 49. Kf4 Qg4# 0-1

[Event "17th Memorial Lezcano Montalvo 2025"]
[Site "Gran Canaria"]
[Date "2025.04.18"]
[Round "7.11"]
[White "Rodriguez Lopez, David"]
[Black "Barski, Radoslaw"]
[Result "0-1"]
[Annotator "RC"]
[ECO "B30"]
[WhiteElo "2182"]
[BlackElo "2385"]
[PlyCount "112"]
[EventDate "2025.04.13"]
[EventType "swiss"]
[EventCountry "ESP"]
[SourceTitle "playchess.com"]
[Source "ChessBase"]
[SourceQuality "1"]
[TimeControl "5400+30"]

1. e4 c5 2. Nf3 Nc6 3. Bb5 Nf6 4. Bxc6 dxc6 5. d3 Bg4 6. h3 Bh5 7. Nbd2 Nd7 8. b3 e5 9. Bb2 f6 10. a4 Be7 11. Nf1 Bf7 12. Ne3 Nf8 13. Nf5 Ne6 14. Qd2 Bf8 15. g3 h5 16. Ne3 a5 17. O-O Bd6 18. h4 Qd7 19. Qe2 Nd4 20. Nxd4 cxd4 21. Ng2 Qh3 22. Qf3 Be6 23. Ne1 O-O-O 24. Qg2 g5 25. Nf3 Rhg8 26. Bc1 gxh4 27. Qxh3 Bxh3 28. Nxh4 Bxf1 29. Kxf1 Bb4 30. Ba3 Bxa3 31. Rxa3 Kc7 32. Ke2 Rb8 33. Ra1 b5 34. axb5 cxb5 35. Rxa5 Kb6 36. Ra1 Ra8 37. Rh1 Ra2 38. Kd2 Rc8 39. Rc1 Kc5 40. Nf5 Rc7 41. Rh1 Kb4 42. Rc1 Ra6 43. Rb1 Ra2 44. Rc1 Rca7 45. Rh1 Ra1 46. Rxa1 Rxa1 47. Ng7 Rf1 48. Ke2 Rh1 49. Kd2 Rh2 50. Ke2 Kc3 51. Ne8 h4 52. g4 Rg2 53. Nxf6 h3 54. Kf1 Kxc2 55. f4 Rg3 56. Kf2 exf4 0-1

[Event "17th Memorial Lezcano Montalvo 2025"]
[Site "Gran Canaria"]
[Date "2025.04.18"]
[Round "7.12"]
[White "Kovchan, Alexander"]
[Black "Garcia Padron, Juan"]
[Result "1-0"]
[Annotator "RC"]
[ECO "B81"]
[WhiteElo "2433"]
[BlackElo "2155"]
[PlyCount "55"]
[EventDate "2025.04.13"]
[EventType "swiss"]
[EventCountry "ESP"]
[SourceTitle "playchess.com"]
[Source "ChessBase"]
[SourceQuality "1"]
[TimeControl "5400+30"]

1. e4 c5 2. Nf3 d6 3. d4 cxd4 4. Nxd4 Nf6 5. Nc3 e6 6. g4 a6 7. g5 Nfd7 8. h4 Nc6 9. Be3 Qc7 10. f4 Be7 11. Bg2 b5 12. O-O b4 13. Nxc6 bxc3 14. Nxe7 Kxe7 15. bxc3 Rb8 16. f5 e5 17. f6+ gxf6 18. gxf6+ Ke8 19. Qg4 Qxc3 20. Bh6 Nxf6 21. Qg7 Rg8 22. Qxf6 Rxg2+ 23. Kxg2 Qh3+ 24. Kf2 Bg4 25. Rh1 Qc3 26. Bg5 Kd7 27. Rad1 Bxd1 28. Rxd1 1-0

[Event "17th Memorial Lezcano Montalvo 2025"]
[Site "Gran Canaria"]
[Date "2025.04.18"]
[Round "7.13"]
[White "Krilovs, Nikolajs"]
[Black "Barlov, Dragan"]
[Result "1-0"]
[Annotator "RC"]
[ECO "E81"]
[WhiteElo "2112"]
[BlackElo "2351"]
[PlyCount "89"]
[EventDate "2025.04.13"]
[EventType "swiss"]
[EventCountry "ESP"]
[SourceTitle "playchess.com"]
[Source "ChessBase"]
[SourceQuality "1"]
[TimeControl "5400+30"]

1. d4 Nf6 2. c4 g6 3. Nc3 Bg7 4. e4 d6 5. f3 O-O 6. Be3 c5 7. dxc5 dxc5 8. Qxd8 Rxd8 9. Bxc5 Nc6 10. Rd1 Nd7 11. Ba3 Bxc3+ 12. bxc3 b6 13. Ne2 Kf8 14. Nd4 Bb7 15. Be2 Rac8 16. Nxc6 Bxc6 17. Kf2 Ke8 18. Ke3 Bb7 19. h4 Ba6 20. h5 g5 21. Rd4 Ne5 22. c5 Bxe2 23. Kxe2 b5 24. Rhd1 Rd7 25. g3 Rdc7 26. f4 gxf4 27. gxf4 Nc4 28. Rg1 e5 29. Rd5 Nxa3 30. Rg8+ Ke7 31. Rxe5+ Kd7 32. Rg7 Kc6 33. Rxh7 Nc4 34. Rf5 Rd8 35. Rfxf7 Rxf7 36. Rxf7 Rd2+ 37. Kf3 Rxa2 38. h6 a5 39. h7 Rh2 40. Kg4 Nd2 41. e5 b4 42. cxb4 axb4 43. e6 b3 44. e7 Kd7 45. c6+ 1-0

[Event "17th Memorial Lezcano Montalvo 2025"]
[Site "Gran Canaria"]
[Date "2025.04.18"]
[Round "7.14"]
[White "Hu, Jiani"]
[Black "Matnadze Bujiashvili, Ann"]
[Result "1/2-1/2"]
[Annotator "ChessBase"]
[ECO "D77"]
[WhiteElo "2091"]
[BlackElo "2329"]
[PlyCount "63"]
[EventDate "2025.04.13"]
[EventType "swiss"]
[EventCountry "ESP"]
[SourceTitle "playchess.com"]
[Source "ChessBase"]
[SourceQuality "1"]
[TimeControl "5400+30"]

1. d4 Nf6 2. c4 e6 3. g3 d5 4. Bg2 g6 5. Nf3 Bg7 6. O-O O-O 7. Nc3 Na6 8. Bg5 h6 9. Bxf6 Bxf6 10. e4 dxe4 11. Nxe4 Bg7 12. Qe2 Qe7 13. Qe3 Rd8 14. Rfd1 Bd7 15. Ne5 Be8 16. a3 f6 17. Nd3 c6 18. Nec5 Nxc5 19. Nxc5 Bf7 20. d5 cxd5 21. cxd5 e5 22. d6 Rxd6 23. Rxd6 Qxd6 24. Nxb7 Qb6 25. Qxb6 axb6 26. Nd6 Rd8 27. Nxf7 Kxf7 28. Rc1 Rd6 29. Rc7+ Kf8 30. Rc8+ Ke7 31. Rc7+ Kf8 32. Rc8+ 1/2-1/2

[Event "17th Memorial Lezcano Montalvo 2025"]
[Site "Gran Canaria"]
[Date "2025.04.18"]
[Round "7.15"]
[White "Torres Rebolledo, Alvaro"]
[Black "Blanco Garcia Bajo, David"]
[Result "1-0"]
[Annotator "ChessBase"]
[ECO "C00"]
[WhiteElo "2311"]
[BlackElo "2098"]
[PlyCount "97"]
[EventDate "2025.04.13"]
[EventType "swiss"]
[EventCountry "ESP"]
[SourceTitle "playchess.com"]
[Source "ChessBase"]
[SourceQuality "1"]
[TimeControl "5400+30"]

1. e4 e6 2. d3 d5 3. Nd2 Nc6 4. Ngf3 Nf6 5. c3 a5 6. Be2 dxe4 7. dxe4 e5 8. Bb5 Bg4 9. h3 Bxf3 10. Qxf3 Qd6 11. O-O O-O-O 12. a4 Qe6 13. Nc4 b6 14. b4 axb4 15. a5 Nxa5 16. Nxa5 bxa5 17. Rxa5 Bc5 18. Ba6+ Kb8 19. Rb5+ Bb6 20. Rxb4 c5 21. Bc4 Qc6 22. Rb2 Kc7 23. Bg5 Rd6 24. Bxf6 Rxf6 25. Qg3 Rf4 26. Qxg7 Qf6 27. Qxf6 Rxf6 28. Rfb1 Rb8 29. g3 Rf3 30. Rb3 Ba7 31. Rxb8 Bxb8 32. Rb3 Ba7 33. Kg2 Rf6 34. Rb2 Bb6 35. Bd5 Kd7 36. Bxf7 Ba5 37. Rb7+ Kc8 38. Rb5 Bb6 39. Bd5 Kd7 40. c4 Ke7 41. Rb3 Rd6 42. f4 Kf6 43. Kf3 h5 44. h4 Bc7 45. Rb7 Rd7 46. Ra7 Rg7 47. Ra6+ Ke7 48. f5 Kf8 49. Rh6 1-0

[Event "17th Memorial Lezcano Montalvo 2025"]
[Site "Gran Canaria"]
[Date "2025.04.18"]
[Round "7.16"]
[White "Sanchez Gonzalez, Diego"]
[Black "Dubkov, Andrej"]
[Result "1/2-1/2"]
[Annotator "ChessBase"]
[ECO "B12"]
[WhiteElo "2025"]
[BlackElo "2307"]
[PlyCount "42"]
[EventDate "2025.04.13"]
[EventType "swiss"]
[EventCountry "ESP"]
[SourceTitle "playchess.com"]
[Source "ChessBase"]
[SourceQuality "1"]
[TimeControl "5400+30"]

1. e4 c6 2. d4 d5 3. e5 a6 4. c4 e6 5. Nc3 c5 6. cxd5 cxd4 7. Qxd4 Nc6 8. Qa4 exd5 9. Nf3 Bb4 10. Bd2 Nge7 11. Bd3 O-O 12. a3 Bc5 13. O-O h6 14. Rad1 Ng6 15. Rfe1 Re8 16. Bxg6 fxg6 17. Bf4 Be6 18. Qc2 Bf5 19. Qb3 Be6 20. Qc2 Bf5 21. Qb3 Be6 1/2-1/2

[Event "17th Memorial Lezcano Montalvo 2025"]
[Site "Gran Canaria"]
[Date "2025.04.18"]
[Round "7.17"]
[White "Meneses Gonzalez, Kevin Moises"]
[Black "Sosa Suarez, Carla Cristina"]
[Result "1/2-1/2"]
[Annotator "RC"]
[ECO "A13"]
[WhiteElo "2307"]
[BlackElo "2056"]
[PlyCount "120"]
[EventDate "2025.04.13"]
[EventType "swiss"]
[EventCountry "ESP"]
[SourceTitle "playchess.com"]
[Source "ChessBase"]
[SourceQuality "1"]
[TimeControl "5400+30"]

1. Nf3 d5 2. g3 Nf6 3. Bg2 c5 4. O-O e6 5. c4 d4 6. b4 cxb4 7. a3 b3 8. d3 Nc6 9. Qxb3 Be7 10. e3 e5 11. exd4 exd4 12. Bg5 O-O 13. Nbd2 h6 14. Bxf6 Bxf6 15. Rfe1 Rb8 16. Ne4 Be7 17. Qb5 a6 18. Qh5 Qa5 19. c5 Be6 20. g4 Bxg4 21. Qxg4 f5 22. Qg6 fxe4 23. Qxe4 Qxc5 24. Rac1 Qf5 25. Qxf5 Rxf5 26. Rxc6 bxc6 27. Nxd4 Rxf2 28. Rxe7 Rd2 29. Bf1 Rb1 30. Re8+ Kf7 31. Re3 c5 32. Rf3+ Kg8 33. Ne6 Rc1 34. h4 g5 35. h5 Ra2 36. Rf8+ Kh7 37. Rf7+ Kg8 38. Rg7+ Kh8 39. Rg6 Rxa3 40. Rxh6+ Kg8 41. Rg6+ Kh8 42. Rh6+ Kg8 43. Rg6+ Kh8 44. Nxg5 Rxd3 45. Kf2 Rc2+ 46. Be2 Rdd2 47. Nf7+ Kh7 48. Ng5+ Kh8 49. Re6 a5 50. h6 Rxe2+ 51. Rxe2 Rxe2+ 52. Kxe2 c4 53. Ke3 a4 54. Kd4 a3 55. Kc3 Kg8 56. Kc2 Kh8 57. Kc3 Kg8 58. Kc2 Kh8 59. Kc3 Kg8 60. Kc2 Kh8 1/2-1/2

[Event "17th Memorial Lezcano Montalvo 2025"]
[Site "Gran Canaria"]
[Date "2025.04.18"]
[Round "7.18"]
[White "Bolivar Castro, Alejandro"]
[Black "Hernando Rodrigo, Jose Maria"]
[Result "1-0"]
[Annotator "RC"]
[ECO "D00"]
[WhiteElo "2006"]
[BlackElo "2256"]
[PlyCount "118"]
[EventDate "2025.04.13"]
[EventType "swiss"]
[EventCountry "ESP"]
[SourceTitle "playchess.com"]
[Source "ChessBase"]
[SourceQuality "1"]
[TimeControl "5400+30"]

1. d4 d5 2. Bf4 Bf5 3. e3 Nf6 4. c4 e6 5. Qb3 Nc6 6. Qa4 Bxb1 7. Rxb1 Bb4+ 8. Kd1 dxc4 9. Bxc4 a6 10. Bd3 Nd5 11. Bg3 O-O 12. Nf3 f5 13. Qc2 Be7 14. a3 h6 15. Be5 Bf6 16. Ke2 Bxe5 17. Nxe5 Nxe5 18. dxe5 Qh4 19. Qc4 f4 20. Qe4 Rf5 21. g3 Qh5+ 22. Qf3 Rxe5 23. Qxh5 Rxh5 24. gxf4 Kf7 25. h4 Rd8 26. Rbg1 Ne7 27. Be4 c6 28. Rg4 Rb5 29. b4 Nf5 30. Rhg1 Rg8 31. Bd3 Rd5 32. e4 Nd4+ 33. Ke3 Rd7 34. h5 Rd6 35. Rg6 Rd7 36. f5 exf5 37. Bc4+ Kf8 38. Bxg8 Kxg8 39. e5 Nc2+ 40. Kf4 Nxa3 41. Rd6 Re7 42. e6 Nc2 43. Kxf5 Nxb4 44. Rd8+ Kh7 45. Rgd1 Nd5 46. R1xd5 cxd5 47. Rd7 Re8 48. e7 g6+ 49. hxg6+ Kg7 50. Ke6 d4 51. Rxb7 h5 52. Rd7 Kxg6 53. f4 h4 54. f5+ Kg5 55. f6 h3 56. Rxd4 Rb8 57. Kf7 a5 58. Rd5+ Kf4 59. Rxa5 Ke4 1-0

[Event "17th Memorial Lezcano Montalvo 2025"]
[Site "Gran Canaria"]
[Date "2025.04.18"]
[Round "7.19"]
[White "Moreno Diepa, Diego"]
[Black "Roquero Redondo, Miguel"]
[Result "1/2-1/2"]
[Annotator "ChessBase"]
[ECO "B95"]
[WhiteElo "2243"]
[BlackElo "2037"]
[PlyCount "71"]
[EventDate "2025.04.13"]
[EventType "swiss"]
[EventCountry "ESP"]
[SourceTitle "playchess.com"]
[Source "ChessBase"]
[SourceQuality "1"]
[TimeControl "5400+30"]

1. e4 c5 2. Nf3 d6 3. d4 cxd4 4. Nxd4 Nf6 5. Nc3 e6 6. Bg5 Be7 7. Qd2 a6 8. O-O-O h6 9. Bxf6 Bxf6 10. f4 O-O 11. g3 b5 12. Bg2 Ra7 13. Kb1 Qb6 14. Rhe1 Rc7 15. Nce2 Bb7 16. Nb3 Be7 17. Ned4 Nd7 18. e5 dxe5 19. fxe5 Bxg2 20. Qxg2 Nc5 21. Nxc5 Bxc5 22. Nb3 Rfc8 23. Re2 Bf8 24. Qf2 Qxf2 25. Rxf2 g6 26. Re2 Be7 27. Nc1 Rd8 28. Rxd8+ Bxd8 29. Nd3 Be7 30. c3 h5 31. Kc2 Kf8 32. b3 Ke8 33. Re4 Kd8 34. c4 b4 35. Rd4+ Rd7 36. Rxd7+ 1/2-1/2

[Event "17th Memorial Lezcano Montalvo 2025"]
[Site "Gran Canaria"]
[Date "2025.04.18"]
[Round "7.20"]
[White "Brito Garcia, Alfredo"]
[Black "Perez Rosales, Pedro"]
[Result "1-0"]
[Annotator "RC"]
[ECO "A50"]
[WhiteElo "2214"]
[BlackElo "1942"]
[PlyCount "109"]
[EventDate "2025.04.13"]
[EventType "swiss"]
[EventCountry "ESP"]
[SourceTitle "playchess.com"]
[Source "ChessBase"]
[SourceQuality "1"]
[TimeControl "5400+30"]

1. d4 Nf6 2. Nf3 b6 3. c4 Bb7 4. g3 g6 5. Bg2 Bg7 6. O-O O-O 7. Nc3 Ne4 8. Qb3 Nxc3 9. Qxc3 c5 10. Be3 Nc6 11. Rfd1 Qc7 12. Rac1 d6 13. h4 h5 14. Qd2 cxd4 15. Nxd4 Nxd4 16. Bxd4 Bxd4 17. Qxd4 Bxg2 18. Kxg2 Rfc8 19. Rc3 Qb7+ 20. Kg1 Qa6 21. a3 Rc7 22. Qf4 Rac8 23. Rdc1 d5 24. cxd5 Rxc3 25. Rxc3 Rxc3 26. bxc3 Qxa3 27. Qb8+ Kg7 28. Qe5+ Kg8 29. e4 Qd6 30. Qd4 a5 31. Kf1 f6 32. f4 b5 33. Ke1 Qa3 34. e5 Qc1+ 35. Ke2 Qc2+ 36. Kf3 fxe5 37. fxe5 a4 38. d6 exd6 39. exd6 Qf5+ 40. Ke3 Qd7 41. Kd2 Kf7 42. Qd5+ Kf6 43. Kc1 Kg7 44. Kb2 Kf6 45. Ka3 Kg7 46. Kb4 Kf6 47. Ka3 Kg7 48. Qe5+ Kf7 49. Qd5+ Kf6 50. Kb4 Kg7 51. Qd4+ Kf7 52. Qf4+ Ke8 53. Qf6 Qg4+ 54. Ka5 Kd7 55. Qe7+ 1-0